Map: [EWC] Dynasty

Players

SHIN

  • Race: Zerg Zerg
  • Spawn Location: 1:00

Cure - Winner!

  • Race: Terran Terran
  • Spawn Location: 7:00

Event: Esports World Cup 2024

VOD

Have the link to the VOD?

Description

Time

  • Played on: Aug. 17, 2024, 6:19 a.m.
  • Length: 14:56

All games in this series

Show
View Real Time Build Order
Export as new Build Order

SHIN Zerg 

Build Orders: Hatch First, Ravager All-In 

Get SALT Encoding   

  12  0:00  Drone  
  13  0:08  Drone  
  14  0:37  Hatchery  
  14  0:38  Drone  
  14  0:44  Overlord  
  14  0:52  Drone, Extractor  
  15  1:05  Spawning Pool  
  15  1:07  Drone  
  15  1:11  Drone  
  15  1:15  Drone  
  17  1:21  Drone  
  19  1:32  Drone  
  19  1:43  Drone  
  20  1:52  Unknown, Queen  
  20  1:54  Queen  
  21  1:57  Zergling x2  
  21  2:00  Drone  
  25  2:02  Drone  
  25  2:05  Drone  
  27  2:11  Roach Warren  
  27  2:13  Drone  
  27  2:18  Overlord  
  28  2:22  Drone  
  27  2:35  Zergling x2  
  26  2:49  Overlord  
  28  2:51  Roach x2  
  28  2:55  Roach  
  32  3:03  Roach x2  
  36  3:07  Overlord  
  36  3:08  Roach  
  36  3:09  Drone  
  36  3:10  Drone x3  
  36  3:12  Ravager  
  43  3:13  Ravager  
  43  3:17  Overlord  
  44  3:25  Queen  
  46  3:27  Ravager  
  46  3:29  Drone  
  46  3:31  Drone  
  46  3:32  Drone  
  50  3:37  Drone  
  50  3:40  Extractor  
  50  3:46  Ravager  
  50  3:48  Drone x3  
  53  3:52  Drone x2  
  55  3:56  Ravager  
  55  3:58  Drone x2  
  58  4:05  Drone  
  58  4:08  Drone  
  60  4:17  Overlord x2  
  60  4:19  Hatchery  
  60  4:21  Overlord  
  60  4:24  Overlord  
  59  4:25  Drone  
  59  4:31  Lair  
  60  4:35  Overlord  
  60  4:36  Roach  
  60  4:37  Roach  
  64  4:41  Roach  
  64  4:45  Roach x2  
  70  4:49  Extractor  
  70  4:51  Roach x2  
  73  4:54  Drone  
  73  4:55  Ravager  
  73  4:56  Drone  
  73  4:59  Drone x3  
  79  5:03  Roach  
  81  5:14  Roach x2  
  85  5:20  Spore Crawler  
  84  5:22  Roach  
  84  5:24  Roach  
  84  5:26  Drone x3  
  84  5:27  Spore Crawler  
  90  5:30  Roach x3  
  90  5:33  Roach x2  
  100  5:40  Glial Reconstitution  
  100  5:41  Roach  
  96  5:45  Roach  
  89  5:52  Drone x2  
  89  5:55  Drone  
  89  5:56  Drone  
  89  5:58  Drone  
  89  6:01  Drone  
  90  6:05  Drone x2  
  90  6:07  Drone  
  90  6:09  Drone  
  86  6:13  Roach  
  86  6:15  Roach  
  86  6:16  Ravager x2  
  89  6:19  Drone x2  
  91  6:26  Drone x3, Evolution Chamber  
  91  6:31  Queen  
  95  6:40  Drone, Roach  
  95  6:41  Overlord, Roach  
  95  6:45  Spore Crawler, Drone x2  
  94  6:50  Roach x2  
  98  6:54  Zerg Ground Armor Level 1  
  98  6:58  Roach x2  
  98  7:00  Drone  
  95  7:02  Drone  
  95  7:03  Drone, Ravager  
  95  7:06  Roach  
  100  7:09  Drone x2  
  100  7:18  Roach x3  
  100  7:21  Overlord  
  106  7:28  Overlord  
  106  7:34  Overlord  
  106  7:36  Overlord  
  106  7:37  Overlord  
  106  7:40  Drone x3  
  106  7:42  Drone x3  
  106  7:43  Roach  
  114  7:47  Roach x2  
  118  7:52  Drone  
  118  7:54  Roach x2  
  123  8:02  Extractor, Roach  
  123  8:03  Extractor, Roach x2  
  123  8:04  Roach x2  
  123  8:05  Roach  
  131  8:11  Roach x2  
  131  8:12  Roach  
  135  8:18  Roach x2  
  135  8:19  Roach  
  133  8:20  Ravager x3  
  133  8:21  Ravager  
  133  8:23  Roach  
  133  8:26  Overlord  
  139  8:28  Roach  
  139  8:29  Roach  
  139  8:31  Roach  
  145  8:35  Overlord  
  145  8:36  Overlord  
  145  8:37  Drone  
  146  8:46  Drone x4  
  150  8:50  Hatchery, Roach x2  
  147  9:02  Drone x8  
  136  9:09  Roach  
  133  9:12  Drone x2, Zerg Ground Armor Level 2  
  133  9:16  Drone x3  
  137  9:22  Drone, Baneling Nest  
  137  9:23  Drone  
  138  9:31  Hatchery  
  138  9:34  Zergling x6  
  140  9:43  Zergling x12  
  140  9:44  Zergling x2  
  140  9:45  Evolution Chamber  
  146  9:50  Infestation Pit  
  146  9:51  Zergling x8  
  149  9:56  Zergling x6  
  152  10:02  Zergling x2, Overlord  
  152  10:04  Ravager  
  154  10:07  Centrifugal Hooks  
  154  10:11  Zergling x2, Zerg Melee Weapons Level 1  
  154  10:12  Zergling x10  
  158  10:17  Zergling x6  
  161  10:22  Zergling x4  
  161  10:25  Overseer  
  162  10:30  Zergling x8  
  162  10:32  Metabolic Boost  
  166  10:38  Zergling x4  
  167  10:46  Zergling x2  
  167  10:48  Overlord x3  
  168  10:51  Hive  
  162  11:00  Zergling x16  
  150  11:07  Zergling x12  
  150  11:14  Ravager, Roach  
  150  11:15  Roach  
  150  11:16  Roach  
  150  11:18  Queen  
  157  11:21  Roach  
  161  11:26  Zergling x2, Roach  
  161  11:28  Zergling x2  
  161  11:32  Zergling x2  
  166  11:36  Zergling x4  
  167  11:43  Zergling x20  
  167  11:46  Baneling x6  
  167  11:47  Baneling x9  
  176  11:52  Hatchery  
  176  11:53  Baneling x11  
  175  11:55  Ravager  
  175  12:00  Spore Crawler  
  175  12:02  Zergling x14  
  175  12:06  Viper  
  175  12:07  Viper  
  187  12:10  Overlord  
  187  12:13  Viper  
  187  12:15  Adrenal Glands  
  190  12:22  Zergling x4  
  192  12:27  Zergling x6  
  192  12:29  Baneling  
  191  12:30  Baneling x17  
  191  12:33  Zergling x6  
  192  12:39  Zergling x10  
  196  12:46  Zergling x10  
  198  12:55  Zergling x2  
  198  12:56  Zergling x2  
  197  13:09  Zergling x12  
  195  13:14  Zergling x12  
  168  13:30  Zergling x24  
  135  13:34  Roach  
  135  13:35  Roach x2  
  135  13:37  Roach x2  
  135  13:39  Roach  
  135  13:40  Queen, Roach  
  134  13:42  Queen  
  134  13:46  Baneling, Roach  
  134  13:47  Baneling x3, Zergling x4  
  132  13:51  Zergling x4  
  134  13:55  Viper  
  134  13:57  Zergling x2  
  134  13:58  Zergling x2  
  134  14:01  Drone  
  139  14:04  Baneling x10  
  139  14:05  Drone  
  138  14:14  Roach x4  
  124  14:19  Roach x2  
  124  14:20  Zergling x2  
  124  14:23  Roach x2  
  122  14:29  Roach x2  
  122  14:30  Zergling x4, Roach  
  121  14:33  Zergling x2, Roach  
  121  14:34  Zergling x6  
  121  14:36  Roach x2  
Show
View Real Time Build Order
Export as new Build Order

Cure Terran - Winner!

Build Orders: Reaper Expand 

Get SALT Encoding   

  12  0:00  SCV  
  13  0:12  SCV  
  14  0:16  Supply Depot  
  14  0:24  SCV  
  15  0:38  SCV  
  15  0:40  Barracks  
  15  0:42  Refinery  
  16  0:50  SCV  
  17  1:02  SCV  
  18  1:14  SCV  
  19  1:27  Orbital Command, Reaper  
  20  1:37  Command Center  
  20  1:47  Barracks  
  20  1:53  SCV  
  21  1:59  Barracks Reactor  
  21  2:05  SCV  
  22  2:09  Supply Depot, Refinery  
  22  2:17  SCV  
  22  2:22  Factory  
  23  2:30  SCV  
  23  2:36  Marine x2  
  26  2:37  Barracks Tech Lab  
  26  2:43  SCV  
  27  2:50  Bunker  
  27  2:53  Orbital Command  
  27  2:55  SCV  
  28  2:59  Stimpack  
  28  3:06  Marine  
  28  3:07  SCV  
  28  3:09  Marine  
  28  3:11  Marine  
  32  3:18  Starport  
  32  3:20  SCV  
  32  3:22  SCV  
  32  3:24  Factory Reactor  
  34  3:33  SCV  
  34  3:34  Supply Depot, SCV  
  35  3:36  Marine x2  
  35  3:37  Marine  
  39  3:45  SCV  
  39  3:46  SCV  
  41  3:50  Supply Depot  
  41  3:54  Marine x2  
  41  3:55  Marauder  
  45  3:57  SCV  
  46  4:03  Supply Depot  
  46  4:11  SCV  
  47  4:19  Supply Depot  
  47  4:24  Marine x2, Medivac  
  47  4:25  Marauder  
  53  4:41  Medivac  
  53  4:42  Marine  
  53  4:43  Supply Depot, Marine  
  57  4:45  Marine  
  57  4:49  Combat Shield  
  58  4:58  SCV x2  
  58  4:59  Orbital Command  
  60  5:04  Medivac  
  60  5:05  Factory Tech Lab  
  62  5:07  Marine  
  62  5:08  Supply Depot, Marine  
  62  5:09  Marine  
  60  5:25  Marine  
  60  5:26  Marine  
  60  5:27  SCV x2, Marine  
  65  5:34  Siege Tank  
  61  5:53  Marine  
  61  5:54  Marine x2  
  61  5:59  Orbital Command, SCV  
  61  6:00  Supply Depot  
  62  6:06  Siege Tank  
  62  6:11  SCV, Marine x2  
  66  6:21  Command Center  
  66  6:23  SCV  
  67  6:25  Marine  
  67  6:29  Marine  
  67  6:31  Medivac  
  71  6:33  SCV  
  71  6:35  SCV  
  73  6:41  Marine  
  73  6:43  Marine  
  73  6:45  SCV  
  76  6:47  SCV  
  76  6:52  Medivac  
  79  6:55  Marine  
  79  6:57  SCV  
  79  6:59  SCV, Marine  
  79  7:01  Marine  
  81  7:08  Refinery  
  82  7:09  SCV  
  82  7:11  SCV, Engineering Bay  
  82  7:12  Supply Depot  
  84  7:15  Marine  
  84  7:16  Marine  
  86  7:27  Supply Depot x2  
  86  7:30  Concussive Shells  
  86  7:33  SCV x2, Medivac  
  86  7:35  Orbital Command, Barracks  
  90  7:40  Terran Infantry Weapons Level 1  
  90  7:48  Marine x3  
  92  7:56  SCV x2  
  92  7:59  Siege Tank  
  95  8:07  SCV  
  95  8:08  SCV  
  95  8:10  Marine x3  
  95  8:12  Orbital Command  
  100  8:17  SCV  
  101  8:24  Barracks Reactor  
  101  8:25  Barracks  
  100  8:28  Barracks x2  
  100  8:29  Engineering Bay, Barracks  
  100  8:31  Supply Depot, SCV x2  
  100  8:32  Marine x2  
  100  8:33  Marine  
  101  8:36  Siege Tank  
  104  8:43  Bunker  
  104  8:45  SCV x3, Armory  
  107  8:50  Marine  
  107  8:51  Marine x2  
  107  8:52  Medivac  
  111  9:00  SCV x2  
  101  9:03  Marine x2  
  101  9:08  Marine x2, Terran Infantry Armor Level 1  
  101  9:09  Marine  
  106  9:16  Barracks Tech Lab  
  105  9:17  Barracks Tech Lab x3  
  105  9:20  SCV x3  
  105  9:21  Marine  
  105  9:22  Marine  
  110  9:26  Marine  
  110  9:27  Marauder  
  110  9:32  SCV x3  
  110  9:38  Siege Tank  
  116  9:40  Bunker  
  116  9:42  Refinery, Marauder  
  116  9:45  Marine x2, Refinery  
  116  9:46  Marauder  
  116  9:48  Marauder  
  116  9:50  Supply Depot  
  126  9:52  Marauder  
  126  9:53  Marine x2, Marauder  
  128  10:01  SCV x3  
  128  10:03  Marine x2  
  133  10:08  Supply Depot  
  133  10:11  Marine x2  
  133  10:13  Supply Depot x2  
  135  10:16  Marine x2, Missile Turret  
  135  10:17  Marauder x2  
  135  10:20  Command Center  
  141  10:28  Terran Infantry Weapons Level 2  
  141  10:29  Siege Tank  
  141  10:31  Marine, Marauder  
  141  10:32  Marauder  
  141  10:34  Supply Depot  
  151  10:42  Marine x2, Marauder x2  
  155  10:50  Barracks  
  155  10:52  Marine x2, Marauder  
  157  11:01  Marine x3, Marauder, Medivac x2  
  157  11:03  Marine  
  157  11:04  Marauder  
  157  11:10  Marine  
  153  11:14  Siege Tank, Marauder  
  158  11:19  Marauder  
  158  11:23  Marine x3, Marauder  
  158  11:24  Marauder  
  158  11:25  Marauder  
  169  11:26  Supply Depot, Terran Infantry Armor Level 2  
  169  11:40  Marine x2  
  169  11:41  Marine x2, Marauder  
  169  11:45  Marauder  
  169  11:46  Siege Tank  
  180  11:50  Medivac x2  
  186  11:54  Marine, Marauder x2  
  189  12:02  Barracks Reactor  
  189  12:08  Planetary Fortress  
  189  12:09  Marine x4  
  193  12:27  Marine x2  
  193  12:28  Marauder x2  
  196  12:32  Marine x2, Marauder  
  196  12:37  Marine  
  196  12:39  Marine x2, Marauder  
  192  12:45  Marine x2  
  192  12:49  Marauder  
  192  12:50  Marine  
  196  13:12  Marine x2  
  196  13:13  Marine x2  
  196  13:14  Marine x2  
  196  13:19  Marine  
  196  13:21  Marauder x2  
  196  13:22  Marauder  
  196  13:23  Marauder  
  184  13:30  Marine, Marauder  
  184  13:31  Marine x2  
  184  13:32  Marine x2  
  142  13:36  Marine  
  124  13:42  Marine, Marauder  
  124  13:43  Marine  
  124  13:45  Marauder  
  124  13:47  Marine  
  128  13:49  Marine x2  
  128  13:50  Marine x2  
  128  13:51  Marauder  
  128  13:53  Siege Tank  
  128  13:54  Marine  
  136  14:01  Marauder x2  
  140  14:03  Marauder  
  140  14:05  Marine  
  140  14:06  Marine, Marauder  
  140  14:07  Marine  
  140  14:08  Marine x2  
  149  14:12  Marine  
  149  14:13  Marauder  
  140  14:21  Marine  
  140  14:22  Marauder  
  140  14:23  Marine  
  140  14:24  Marine x2  
  140  14:25  Marine x2  
  140  14:26  Marine  
  140  14:27  Marauder  
  140  14:30  Marine  
  137  14:34  Marine  
Tags
 
Add a new tag
Caveats
  • Supply blocks, unpowered buildings, or Contaminate may cause inaccurate times.
  • Supply counts are checked every 10 seconds.